 Dungeon Crawl Stone Soup version 0.23-a0-814-g91b4073 (webtiles) character file.

3421 Inarius the Unseen (level 9, -1/39 HPs)
             Began as a Felid Berserker on Jan 21, 2019.
             Was a High Priest of Trog.
             Slain by a yak (5 damage)
             ... on level 12 of the Dungeon.
             The game lasted 00:24:26 (13824 turns).

Inarius the Unseen (Felid Berserker)               Turns: 13824, Time: 00:24:26

Health: -1/39      AC:  2    Str: 14    XL:     9   Next: 76%
Magic:  20/20      EV: 25    Int:  8    God:    Trog [*****.]
Gold:   651        SH:  0    Dex: 19    Spells: 8/8 levels left
                                        Lives:  0   Deaths: 2

rFire    . . .     SeeInvis +     - Unarmed
rCold    . . .     Gourm    .   (shield unavailable)
rNeg     + . .     Faith    .   (armour unavailable)
rPois    .         Spirit   .   (helmet unavailable)
rElec    .         Reflect  .   (cloak unavailable)
rCorr    .         Harm     .   (gloves unavailable)
MR       +....                  (boots unavailable)
Stlth    +++++++...             (no amulet)
HPRegen  0.13/turn              n - ring of magical power
MPRegen  0.17/turn              A - ring of positive energy

@: quick
A: very small, no armour, no weapons or thrown items, stealth, claws 1, fangs 3,
see invisible, carnivore, speed 1, shaggy fur 2, slow metabolism 1, sharp paws
a: Berserk, Trog's Hand, Brothers in Arms, Renounce Religion


You were on level 12 of the Dungeon.
You worshipped Trog.
Trog was extremely pleased with you.
You were not hungry.

You visited 1 branch of the dungeon, and saw 12 of its levels.

You collected 651 gold pieces.

Inventory:

Jewellery
 n - a ring of magical power (left paw)
 y - an uncursed ring of magical power
 A - a ring of positive energy (right paw)
Wands
 m - a wand of acid (5)
 p - a wand of paralysis (5)
 x - a wand of polymorph (8)
 E - a wand of random effects (19)
Scrolls
 d - 5 scrolls of teleportation
 g - 7 scrolls of remove curse
 k - 2 scrolls of fog
 l - 3 scrolls of magic mapping
 q - 2 scrolls of random uselessness
 s - a scroll of blinking {unknown}
 w - 3 scrolls of amnesia
 G - 2 scrolls of fear
Potions
 b - 5 potions of flight
 c - 3 potions of heal wounds
 e - 2 potions of curing
 f - 2 potions of agility
 h - 2 potions of mutation
 i - 9 potions of lignification
 j - a potion of berserk rage {unknown}
 o - a potion of resistance {unknown}
 r - 3 potions of brilliance
 u - a potion of invisibility {unknown}
 v - 2 potions of ambrosia {unknown}
 z - a potion of magic {unknown}
 J - a potion of might {unknown}
Comestibles
 a - 27 rations


   Skills:
 + Level 4.7 Fighting
 + Level 8.9 Dodging
 * Level 16.0 Stealth
 + Level 12.2 Unarmed Combat
 + Level 2.1 Evocations


You had 8 spell levels left.
You didn't know any spells.
Your spell library was empty.

Dungeon Overview and Level Annotations

Branches:
Dungeon (12/15)            Temple (0/1) D:5            Lair (0/6) D:8
    Orc (0/2) D:10

Altars:
Cheibriados
Fedhas
Hepliaklqana
Nemelex Xobeh
Ru
Trog
Wu Jian
Xom
Yredelemnul


Innate Abilities, Weirdness & Mutations

You cannot wear armour.
You are incapable of wielding weapons or throwing items.
Your paws allow you to move quietly. (Stealth)
You have sharp claws.
You have razor-sharp teeth.
You have supernaturally acute eyesight. (SInv)
You are carnivorous and can eat meat at any time.
You cover ground quickly.
You are covered in thick fur. (AC +2)
You have a slow metabolism.
Your sharp claws are effective at attacking unaware monsters.


Message History

An adder comes into view.
The adder closely misses you. The yak closely misses you.
The yak barely misses you.
You hear the crackling of a distant melting archway.
The adder barely misses you. The yak closely misses you.
The adder barely misses you. The adder closely misses you. The yak gores you.
The yak gores you! The yak completely misses you.
The adder completely misses you. The yak completely misses you.
The yak misses you. The yak closely misses you. The adder misses you.
The yak misses you. The yak gores you!
* * * LOW HITPOINT WARNING * * *
The yak closely misses you. The adder misses you. The yak misses you.
The yak completely misses you. The adder bites you.
* * * LOW HITPOINT WARNING * * *
The yak barely misses you. The adder closely misses you. The yak misses you.
The yak closely misses you. The yak completely misses you.
The adder misses you. The yak gores you.
You die...

...............#####
###...............#
..................#
.................#
#.........####..#
#.........# #..#
#.........# #..#
####..SY.....####..#####
.....YY@................
......Y.................
#..#####..####..#######.
# #..# #..# #. #..# #..#
#. #..# #..# #. #..#
#..# #. .... .... ..
....


You could see 4 yaks and an adder.

Vanquished Creatures
  A two-headed ogre (D:10)
  An unseen horror (D:11)
  An ugly thing (D:12)
  A manticore (D:12)
  A centaur zombie (D:10)
  A centaur skeleton (D:11)
  A komodo dragon (D:8)
  An efreet (D:11)
  3 trolls (D:11)
  Prince Ribbit (D:8)
  A hippogriff (D:12)
  A vampire (D:11)
  3 yaks (D:10)
  3 wyverns
  A hungry ghost (D:9)
  A warg (D:10)
  A water moccasin (D:8)
  2 eyes of draining (D:9)
  9 orc warriors
  3 sky beasts
  2 ice beasts
  2 black bears
  A phantom (D:8)
  9 ogres
  5 centaurs
  2 necrophages
  A crocodile (D:7)
  4 big kobolds
  6 bullfrogs
  2 gnoll sergeants
  A wyvern zombie (D:11)
  2 scorpions
  13 wights (D:9)
  3 howler monkeys
  6 crimson imps
  The ghost of Stiffzip the Ducker, a weakling SpAK of Lugonu (D:4)
  A quasit (D:7)
  6 jellies
  5 hounds
  A gnoll shaman (D:5)
  9 orc priests
  9 orc wizards
  3 bullfrog skeletons
  Jessica (D:2)
  An iguana (D:9)
  8 worker ants
  A killer bee zombie (D:10)
  A hound zombie (D:7)
  2 hound skeletons
  A worker ant zombie (D:9)
  14 gnolls
  8 adders
  3 shadow imps
  4 oozes
  An adder skeleton (D:4)
  2 worms
  2 dart slugs
  6 leopard geckos
  38 orcs
  5 ball pythons
  9 bats
  3 giant cockroaches
  9 goblins
  16 hobgoblins
  7 jackals (D:6)
  A quokka (D:7)
  4 frilled lizards
  A jackal skeleton (D:8)
  26 kobolds
  4 rats
309 creatures vanquished.

Vanquished Creatures (others)
  A kobold (D:7)
  8 plants
9 creatures vanquished.

Grand Total: 318 creatures vanquished

Notes
Turn   | Place    | Note
-------+----------+-------------------------------------------
     0 | D:1      | Inarius the Felid Berserker began the quest for the Orb.
     0 | D:1      | Reached XP level 1. HP: 10/10 MP: 2/2
   287 | D:1      | Reached XP level 2. HP: 10/14 MP: 3/3
   412 | D:1      | Reached skill level 1 in Stealth
  1058 | D:1      | Reached XP level 3. HP: 17/17 MP: 4/4
  1550 | D:2      | Noticed Jessica
  1571 | D:2      | Killed Jessica
  1571 | D:2      | Reached skill level 2 in Stealth
  1986 | D:2      | Reached XP level 4. HP: 6/21 MP: 5/5
  2426 | D:2      | Reached ** piety under Trog
  2821 | D:3      | Reached skill level 3 in Stealth
  3012 | D:3      | Reached skill level 4 in Stealth
  3012 | D:3      | Reached XP level 5. HP: 14/24 MP: 6/6
  3275 | D:3      | Found a shimmering altar of Xom.
  3483 | D:3      | Found a hazy altar of Hepliaklqana.
  3484 | D:3      | Found a shimmering altar of Xom.
  3484 | D:3      | Noticed a sphinx zombie
  3485 | D:3      | Noticed a spectral ugly thing
  3485 | D:3      | Noticed a sphinx zombie
  3785 | D:4      | Found a transporter.
  3785 | D:4      | Identified the +7 scale mail "Feuxzeimn" {-Cast rPois
                  | Int+3}
  3800 | D:4      | Reached skill level 5 in Stealth
  4015 | D:4      | Found a transporter.
  4142 | D:4      | Gained mutation: You are covered in thick fur. (AC +2)
                  | [Felid growth]
  4142 | D:4      | Reached XP level 6. HP: 28/28 MP: 7/7
  4224 | D:4      | Found a blossoming altar of Fedhas.
  4225 | D:4      | Reached skill level 5 in Dodging
  4491 | D:4      | Reached *** piety under Trog
  4514 | D:4      | Noticed Stiffzip's ghost (weakling SpAK)
  4678 | D:4      | Reached skill level 6 in Stealth
  4678 | D:4      | Reached skill level 5 in Unarmed Combat
  4824 | D:4      | Killed Stiffzip's ghost
  4867 | D:5      | Entered Level 5 of the Dungeon
  4873 | D:5      | Found a staircase to the Ecumenical Temple.
  5013 | D:5      | Identified the +7 mace of Abuse {pain, rPois}
  5256 | D:5      | Reached XP level 7. HP: 31/31 MP: 8/8
  5470 | D:5      | Reached skill level 7 in Stealth
  5657 | D:5      | Found a sparkling altar of Nemelex Xobeh.
  5820 | D:5      | Found a sacrificial altar of Ru.
  6211 | D:6      | Found an ornate altar of the Wu Jian Council.
  6283 | D:6      | Reached skill level 8 in Stealth
  6419 | D:6      | Found a basalt altar of Yredelemnul.
  6501 | D:6      | Reached XP level 8. HP: 36/36 MP: 9/9
  6868 | D:7      | Reached skill level 9 in Stealth
  6956 | D:7      | Found a bloodstained altar of Trog.
  7185 | D:7      | Reached skill level 10 in Stealth
  7425 | D:7      | Reached XP level 9. HP: 39/39 MP: 10/10
  7438 | D:7      | Reached **** piety under Trog
  8096 | D:7      | Reached skill level 11 in Stealth
  8408 | D:8      | Noticed Prince Ribbit
  8413 | D:8      | Killed Prince Ribbit
  8533 | D:8      | Found a snail-covered altar of Cheibriados.
  8962 | D:8      | Reached skill level 12 in Stealth
  9072 | D:8      | Noticed a komodo dragon
  9100 | D:8      | Killed a komodo dragon
  9252 | D:8      | Found a staircase to the Lair.
  9642 | D:9      | Reached XP level 10. HP: 43/43 MP: 11/11
  9802 | D:9      | Reached skill level 10 in Unarmed Combat
  9896 | D:9      | Reached skill level 13 in Stealth
 10072 | D:9      | Reached ***** piety under Trog
 10687 | D:10     | Entered Level 10 of the Dungeon
 10883 | D:10     | Noticed a two-headed ogre
 10891 | D:10     | Killed a two-headed ogre
 10891 | D:10     | Reached skill level 14 in Stealth
 11142 | D:10     | Reached skill level 1 in Evocations
 11330 | D:10     | Reached skill level 15 in Stealth
 11335 | D:10     | Found a staircase to the Orcish Mines.
 11538 | D:10     | Reached XP level 11. HP: 32/46 MP: 13/13
 12802 | D:11     | Noticed an unseen horror
 12807 | D:11     | Killed an unseen horror
 13056 | D:11     | Killed from afar by an efreet
 13057 | D:11     | Reached XP level 10. HP: -10/64 MP: 21/21
 13454 | D:12     | Noticed a cyan ugly thing
 13462 | D:12     | Killed a cyan ugly thing
 13706 | D:12     | Noticed a manticore
 13710 | D:12     | Noticed a two-headed ogre
 13714 | D:12     | Killed a manticore
 13714 | D:12     | Reached skill level 16 in Stealth
 13722 | D:12     | Mangled by a two-headed ogre
 13723 | D:12     | Reached XP level 9. HP: -9/39 MP: 20/20
 13824 | D:12     | Slain by a yak

Vault maps used:
D:1:      dpeg_arrival_pond, hangedman_decor_clover_reticule
D:2:      uniq_jessica
D:3:      regret_index_temple_of_mockery, serial_corexii_hall,
          corexii_hall_statues_x, corexii_hall_statues_x, xom_teletrap_fun
D:4:      fedhas_altar_4, gammafunk_ghost_gnarly_gnolls, first_ration
D:5:      nemelex_xobeh_ov_fountains_minmay, nicolae_ru_sacrificial_ziggurat,
          minmay_temple_entry_enclosed_plants
D:6:      nicolae_overflow_crystal_walls, overflow_temple_1_default
D:7:      minmay_razor_zed, kennysheep_mini, corexii_hall_statues_i
D:8:      lemuel_crystal_altar, david_lair_shrubbed, grunt_ogre_cave,
          uniq_prince_ribbit1
D:9:      st_stairs_7
D:10:     erik_orc_3
D:11:     evilmike_surprise_oklob
D:12:     serial_shops, statue_bzr, portal_ice_cave_entry_pillars_2,
          basic_altar, nicolae_trove_entry_path_of_doom

Skill      XL: |  1  2  3  4  5  6  7  8  9 10 |
---------------+-------------------------------+-----
Stealth        | 1 2 4 5 6 8 10 12 16 | 16.0
Unarmed Combat | 4 5 6 8 9 12 | 12.2
Dodging        | 5 6 7 8 |  8.9
Fighting       | 4 |  4.7
Evocations     | 2 |  2.1

Action                   |  1- 3 |  4- 6 |  7- 9 | 10-12 || total
-------------------------+-------+-------+-------+-------++-------
Melee: Unarmed           |    60 |   170 |   280 |   311 ||   821
       Bite              |     5 |    12 |    26 |    38 ||    81
       Punch             |     1 |     3 |    10 |    19 ||    33
Invok: Berserk           |     2 |     8 |     9 |    17 ||    36
       Trog's Hand       |       |     1 |     2 |     1 ||     4
Evoke: Wand              |       |       |     3 |     5 ||     8
  Use: Potion            |       |     4 |       |       ||     4
       Scroll            |       |       |     6 |    12 ||    18
 Stab: Sleeping          |     5 |    14 |    23 |    28 ||    70
       Distracted        |       |       |     1 |     2 ||     3
       Paralysed         |       |       |       |     1 ||     1
  Eat: Chunk             |     8 |    16 |    20 |    30 ||    74
Armor: Skin              |     2 |     7 |    11 |     6 ||    26
Dodge: Dodged            |    39 |   119 |   238 |   227 ||   623

Table legend:
 A = Non-vault XP
 B = Vault XP
 C = Vault XP percentage of total XP
 D = Non-vault monster count
 E = Vault monster count
 F = Vault count percentage of total count
                 A         B        C        D         E       F
            +---------+---------+-------+---------+---------+-------
      Total |   14860 |    2336 |  13.6 |     271 |      38 |  12.3
            +---------+---------+-------+---------+---------+-------
        D:1 |      50 |       0 |   0.0 |      17 |       0 |   0.0
        D:2 |      48 |      37 |  43.5 |      18 |       1 |   5.3
        D:3 |     123 |       0 |   0.0 |      29 |       0 |   0.0
        D:4 |     164 |     204 |  55.4 |      11 |       7 |  38.9
        D:5 |     436 |       0 |   0.0 |      17 |       0 |   0.0
        D:6 |     579 |       0 |   0.0 |      24 |       0 |   0.0
        D:7 |    1640 |     651 |  28.4 |      35 |       9 |  20.5
        D:8 |     690 |     745 |  51.9 |      12 |       3 |  20.0
        D:9 |    2118 |      93 |   4.2 |      41 |       1 |   2.4
       D:10 |    3864 |     606 |  13.6 |      31 |      17 |  35.4
       D:11 |    3653 |       0 |   0.0 |      31 |       0 |   0.0
       D:12 |    1495 |       0 |   0.0 |       5 |       0 |   0.0
            +---------+---------+-------+---------+---------+-------
